 Dungeon Crawl Stone Soup version 0.15-a0-1880-g53e602b (webtiles) character file.

8976 Kenran the Severer (level 11, 0/94 HPs)
             Began as a Hill Orc Fighter on July 5, 2014.
             Was a High Priest of Okawaru.
             Slain by an orc priest
             ... wielding a +0 short sword
              (2 damage)
             ... on Level 1 of the Orcish Mines.
             The game lasted 00:39:33 (15159 turns).

Kenran the Severer (Hill Orc Fighter)              Turns: 15159, Time: 00:39:34

HP   0/94        AC 12     Str 26      XL: 11   Next: 39%
MP  11/11        EV  9     Int  8      God: Okawaru [*****.]
Gold 428         SH  0     Dex 10      Spells:  0 memorised, 10 levels left

rFire  . . .     SeeInvis .     t - +0 battleaxe
rCold  . . .     Clarity  .     u - +0 plate armour
rNeg   . . .     rCorr    .     (no shield)
rPois  +         rRot     .     (no helmet)
rElec  .         Spirit   .     r - +0 cloak
SustAb .         Warding  .     C - +0 pair of gloves {Str+3}
rMut   .         Stasis   .     (no boots)
Gourm  .                        j - amulet of rage
MR     .....                    k - +3 ring of evasion
                                p - ring of poison resistance

@: heavily drained, not resistant to hostile enchantments, extremely unstealthy
A: wild magic 1
a: Heroism, Finesse, Renounce Religion, Convert to Beogh, Evoke Berserk Rage


You were on level 1 of the Orcish Mines.
You worshipped Okawaru.
Okawaru was extremely pleased with you.
You were not hungry.

You visited 4 branches of the dungeon, and saw 15 of its levels.

You collected 428 gold pieces.

Inventory:

Hand weapons
 t - a +0 battleaxe (weapon)
Armour
 r - a +0 cloak (worn)
 u - a +0 plate armour (worn)
 C - a +0 pair of gloves of strength (worn)
Magical devices
 h - a wand of fire (8) {unknown}
 s - a wand of digging (24)
 B - a wand of digging (8)
 E - a wand of cold (10) {unknown}
Comestibles
 d - 13 meat rations
 g - 9 bread rations
Scrolls
 b - a scroll of enchant weapon
 c - a scroll of remove curse
 i - a scroll of magic mapping
 l - a scroll of recharging
 w - a scroll of teleportation
 x - 2 scrolls of amnesia
 y - a scroll of identify
Jewellery
 a - an uncursed amulet of warding
 f - an uncursed ring of protection from magic
 j - an amulet of rage (around neck)
 k - a +3 ring of evasion (right hand)
 o - an uncursed ring of positive energy {unknown}
 p - a ring of poison resistance (left hand)
Potions
 e - a potion of might
 n - a potion of restore abilities
 q - a potion of cure mutation
 A - a potion of haste
Books
 D - a book of Summonings

   Spells                             Type                      Level
   Abjuration                         Summoning                    3
   Recall                             Summoning/Translocation      3
   Shadow Creatures                   Summoning                    5
   Summon Demon                       Summoning                    5
   Summon Forest                      Summoning/Translocation      5
   Monstrous Menagerie                Summoning                    6


   Skills:
 - Level 8.1(6.0) Fighting
 + Level 19.4(16.7) Axes
 - Level 3.2(1.4) Armour
   Level 3.2(1.4) Shields


You had 10 spell levels left.
You didn't know any spells.

Dungeon Overview and Level Annotations

Branches:
Dungeon (12/15)            Temple (1/1) D:5             Orc (1/4) D:11
   Lair (1/8) D:11

Altars:
Ashenzari
Cheibriados
Dithmenos
Elyvilon
Fedhas
Gozag
Kikubaaqudgha
Nemelex Xobeh
Okawaru
Qazlal
Sif Muna
Trog
Vehumet
Xom
Yredelemnul
Zin
The Shining One

Annotations:
D:11 valor's ghost, powerful GrGl
D:12 Nergalle
Lair:1 Tux's ghost, experienced TrMo


Innate Abilities, Weirdness & Mutations

Your spells are a little harder to cast, but a little more powerful.


Message History

You closely miss the orc warrior.
The orc warrior is lightly wounded.
The orc priest calls upon Beogh to heal the orc warrior.
The orc warrior's wounds heal themselves!
The orc warrior hits you with a glowing short sword!
* * * LOW HITPOINT WARNING * * *
The orc priest calls down the wrath of Beogh upon you.
Something smites you!
* * * LOW HITPOINT WARNING * * *
The orc priest calls down the wrath of Beogh upon you.
You struggle to resist.
Drink which item? (? for menu, Esc to quit)
Okay, then.
Read which item? (? for menu, Esc to quit)
Okay, then.
You hit the orc warrior but do no damage.
Your plate armour prevents you from hitting the orc priest.
The orc priest becomes somewhat translucent.
The orc priest hits you with a short sword.
You die...

... .....#.#.
##.........
#............
.........o..o..
...............
.....o.........
.......)o).......
#.)@o.......
.......)))..$....
..............#
#.......#......
..........>....
.............
#..#... .#.
......... ...


You could see an orc warrior, 3 orc priests and an orc.

Vanquished Creatures
  Josephine (D:9)
  A hill giant (D:9)
  A merfolk (D:9)
  A troll (D:10)
  A centaur skeleton (D:10)
  2 two-headed ogres
  A wyvern (D:9)
  The ghost of Kenran the Chopper, an average HOFi (D:4)
  A hungry ghost (D:10)
  A water moccasin (D:7)
  A porcupine (D:11)
  4 ice beasts
  9 ogres
  4 orc warriors
  5 phantoms
  2 boring beetles (D:11)
  5 centaurs
  2 black bears (D:7)
  The ghost of haldagan the Shield-Bearer, an average GrFi (D:3)
  5 giant frogs
  A cyclops zombie (D:10)
  3 scorpions
  8 killer bees (D:9)
  2 yak skeletons
  9 wights
  A goliath beetle (D:6)
  3 crimson imps
  A hippogriff skeleton (D:10)
  2 quasits
  A two-headed ogre zombie (D:11)
  2 elf zombies
  A kobold zombie (D:11)
  A giant frog zombie (D:10)
  A centaur zombie (D:5)
  A jelly (D:7)
  10 orc priests
  9 hounds
  13 orc wizards
  4 iguanas
  6 worker ants
  A big kobold zombie (D:6)
  Terence (D:2)
  A mummy (D:4)
  12 adders
  4 gnolls (D:5)
  A scorpion zombie (D:9)
  2 shadow imps (D:5)
  4 giant mites
  3 worms
  2 orc zombies
  4 giant geckos
  2 oozes (D:3)
  73 orcs
  13 bats
  A bat skeleton (D:4)
  4 giant cockroaches
  19 goblins
  13 hobgoblins
  5 jackals
  17 kobolds
  7 quokkas
  4 ball pythons
  5 giant newts
  2 kobold skeletons
  An orc simulacrum (D:10)
  3 orc skeletons
  18 rats
  10 ballistomycetes (D:7)
360 creatures vanquished.

Vanquished Creatures (others)
  An ogre (D:7)
  5 giant spores (D:7)
6 creatures vanquished.

Grand Total: 366 creatures vanquished

Notes
Turn   | Place    | Note
--------------------------------------------------------------
     0 | D:1      | Kenran, the Hill Orc Fighter, began the quest for the Orb.
     0 | D:1      | Reached XP level 1. HP: 19/19 MP: 1/1
   391 | D:1      | Reached XP level 2. HP: 26/26 MP: 2/2
   517 | D:1      | Reached skill level 4 in Axes
   938 | D:2      | Noticed Terence
  1097 | D:2      | Reached XP level 3. HP: 19/31 MP: 3/3
  1403 | D:2      | Killed Terence
  1403 | D:2      | Reached skill level 5 in Axes
  1800 | D:2      | Reached XP level 4. HP: 39/39 MP: 4/4
  2187 | D:3      | Noticed a centaur
  2195 | D:3      | Killed a centaur
  2195 | D:3      | Reached skill level 7 in Axes
  2195 | D:3      | Reached XP level 5. HP: 17/45 MP: 5/5
  2606 | D:3      | Noticed haldagan's ghost (average GrFi)
  2736 | D:4      | Noticed Kenran's ghost (average HOFi)
  2793 | D:3      | Found an ancient bone altar of Kikubaaqudgha.
  3266 | D:3      | Reached skill level 8 in Axes
  3266 | D:3      | Reached XP level 6. HP: 51/51 MP: 6/6
  3625 | D:4      | Found a glowing silver altar of Zin.
  3660 | D:4      | Noticed a phantom
  3707 | D:4      | Killed a phantom
  3784 | D:4      | Reached skill level 9 in Axes
  4136 | D:4      | Reached XP level 7. HP: 20/57 MP: 7/7
  4498 | D:5      | Entered Level 5 of the Dungeon
  4629 | D:5      | Reached skill level 10 in Axes
  5229 | D:5      | Found a staircase to the Ecumenical Temple.
  5253 | Temple   | Entered the Ecumenical Temple
  5317 | Temple   | Became a worshipper of Warmaster Okawaru
  5480 | D:5      | Reached skill level 11 in Axes
  6153 | D:6      | Reached XP level 8. HP: 54/67 MP: 8/8
  6363 | D:6      | Found a shadowy altar of Dithmenos.
  6460 | D:6      | Reached skill level 5 in Fighting
  7111 | D:6      | Acquired Okawaru's first power
  7319 | D:6      | Found a radiant altar of Vehumet.
  7791 | D:4      | Killed Kenran's ghost
  7791 | D:4      | Reached skill level 12 in Axes
  8068 | D:3      | Killed haldagan's ghost
  8068 | D:3      | Reached XP level 9. HP: 68/81 MP: 9/9
  8360 | D:7      | Reached skill level 13 in Axes
  8525 | D:7      | Reached skill level 14 in Axes
  8805 | D:7      | Found an opulent altar of Gozag.
  9889 | D:8      | Reached skill level 15 in Axes
  9920 | D:8      | Reached XP level 10. HP: 66/88 MP: 10/10
 10954 | D:8      | Reached skill level 16 in Axes
 11379 | D:9      | Found a sparkling altar of Nemelex Xobeh.
 11600 | D:9      | Noticed a hill giant
 11612 | D:9      | Killed a hill giant
 11687 | D:9      | Reached skill level 17 in Axes
 12354 | D:9      | Acquired Okawaru's second power
 12536 | D:10     | Entered Level 10 of the Dungeon
 12579 | D:10     | Noticed Josephine
 12625 | D:9      | Killed Josephine
 12625 | D:9      | Reached skill level 18 in Axes
 12625 | D:9      | Reached XP level 11. HP: 21/94 MP: 11/11
 13695 | D:10     | Reached skill level 19 in Axes
 13888 | D:11     | Found a staircase to the Orcish Mines.
 14030 | D:11     | Gained mutation: Your spells are a little harder to cast, but a little more powerful. [potion of beneficial mutation]
 14143 | D:11     | Noticed valor's ghost (powerful GrGl)
 14227 | D:11     | Received a gift from Okawaru
 14455 | D:11     | Found a staircase to the Lair.
 14467 | Lair:1   | Entered Level 1 of the Lair of Beasts
 14471 | Lair:1   | Noticed Tux's ghost (experienced TrMo)
 15107 | D:12     | Noticed Nergalle
 15143 | Orc:1    | Entered Level 1 of the Orcish Mines
 15158 | Orc:1    | HP: 2/94 [orc priest/divine providence (14)]
 15159 | Orc:1    | Slain by an orc priest

Action                   |  1- 3 |  4- 6 |  7- 9 | 10-12 || total
-------------------------+-------+-------+-------+-------++-------
Melee: War axe           |   158 |   290 |   550 |       ||   998
       Battleaxe         |       |       |    15 |   440 ||   455
Evoke: Wand              |       |       |     1 |       ||     1
  Use: Scroll            |     2 |     6 |     5 |     3 ||    16
       Potion            |       |     1 |     2 |     8 ||    11
